[Event "*** Titled Tuesday Blitz"]
[Site "Chess.com"]
[Date "2018.05.01"]
[Round "5"]
[White "AndrewMcStone"]
[Black "ruvat"]
[Result "0-1"]
[WhiteElo "2057"]
[BlackElo "2237"]
[TimeControl "180+2"]
[EndTime "14:06:10 PDT"]
[Termination "ruvat won by resignation"]

1. d4 d6 2. c4 e5 3. d5 Be7 4. Nc3 a5 5. e4 Na6 6. Nge2 Nc5 7. Ng3 Bg5 8. Be2 h6 9. O-O Nf6 10. f4 exf4 11. Bxf4 Bxf4 12. Rxf4 O-O 13. Qd2 Nfd7 14.
Nf5 Ne5 15. Raf1 Qg5 16. h4 Qd8 17. Qe3 Bxf5 18. Rxf5 Qxh4 19. R5f4 Qg5 20. Qf2 Rae8 21. Rf5 Qd2 22. Nb5 Re7 23. Nd4 Nxe4 24. Qh4 Qxd4+ 0-1

[Event "*** Titled Tuesday Blitz"]
[Site "Chess.com"]
[Date "2018.05.01"]
[Round "5"]
[White "nau64"]
[Black "sergeikim"]
[Result "1/2-1/2"]
[WhiteElo "2170"]
[BlackElo "2363"]
[TimeControl "180+2"]
[EndTime "14:06:16 PDT"]
[Termination "Game drawn by agreement"]

1. d4 Nf6 2. c4 g6 3. Nc3 Bg7 4.
e4 d6 5. Nf3 O-O 6. Be2 e5 7.
O-O exd4 8. Nxd4 Re8 9. f3 Nbd7 10. Nc2 Nc5 11. Be3 Nfd7 12. Qd2 Re6 13. Nb4 a5 14.
Nbd5 c6 15. Nf4 Re8 16. Qxd6 Be5 17. Qd2 Qh4 18. g3 Qe7 19. Bf2 a4 20. Rad1 Bg7 21. Nd3 Nxd3 22. Bxd3 Ne5 23. Be2 Be6 24. Qc2 Qb4 25.
c5 Nc4 26. Bxc4 Qxc4 27. a3 h5 28. Rfe1 h4 1/2-1/2

[Event "*** Titled Tuesday Blitz"]
[Site "Chess.com"]
[Date "2018.05.01"]
[Round "5"]
[White "Er_is_geen_hoop_meer"]
[Black "Abrito99"]
[Result "1-0"]
[WhiteElo "2351"]
[BlackElo "2493"]
[TimeControl "180+2"]
[EndTime "14:06:18 PDT"]
[Termination "Er_is_geen_hoop_meer won by checkmate"]

1. b4 d6 2. Bb2 Nd7 3. e3 Ngf6 4. g4 e5 5. g5 Nd5 6. h4 N7b6 7. a3 Bd7 8. c4 Ne7 9. Nc3 Be6 10. d3 d5 11. c5 Nd7 12. Nf3 h6 13. Rg1 h5 14.
Ne2 Ng6 15. e4 Bg4 16. Nh2 Nxh4 17. exd5 Be7 18. g6 O-O 19. gxf7+ Rxf7 20. Qb3 Qf8 21. O-O-O Kh8 22. Nxg4 hxg4 23. Rh1 Rxf2 24. c6 bxc6 25. dxc6 Nb6 26. Bxe5 Rf3 27. Bg2 Re3 28. Nf4 Qf5 29.
Be4 Rxe4 30. dxe4 Qh7 31. Rxh4 Bxh4 32. Rh1 Re8 33. Rxh4 Qxh4 34. Ng6+ Kh7 35. Nxh4 Rxe5 36. Qf7 Rg5 37. Qf4 Kh6 38. Nf5+ Kg6 39. Ne7+ Kh5 40.
Qh2# 1-0

[Event "*** Titled Tuesday Blitz"]
[Site "Chess.com"]
[Date "2018.05.01"]
[Round "5"]
[White "MattyDPerrine"]
[Black "Vusatiuk_Vladimir"]
[Result "1-0"]
[WhiteElo "2302"]
[BlackElo "2184"]
[TimeControl "180+2"]
[EndTime "14:06:22 PDT"]
[Termination "MattyDPerrine won by resignation"]

1. Nf3 d5 2. g3 Bg4 3. Bg2 Nd7 4. d4 Ngf6 5. c4 e6 6. Nc3 c5 7. cxd5 exd5 8. Ne5 Be6 9. Nxd7 Qxd7 10. Bg5 c4 11. Bxf6 gxf6 12. O-O f5 13. e3 h5 14. h4 Be7 15.
Qf3 O-O-O 16. Rfc1 Kb8 17. b3 Ba3 18. Rc2 b5 19.
bxc4 bxc4 20. Rb1+ Ka8 21. Nb5 Be7 22. Rxc4 Rc8 23.
Ra4 Rb8 24. Qxd5+ Bxd5 25. Bxd5+ Rb7 26. Rxa7+ Kb8 27. Rxb7+ Qxb7 28. Bxb7 Kxb7 29. Nd6+ Kc6 30. Nxf5 Bf6 31. e4 Ra8 32. Rc1+ Kd7 33. Rc2 Bd8 34.
Ng7 Ra3 35. Nxh5 Bb6 36. d5 Bd4 37. Kg2 Kd6 38. Nf4 Ke5 39. Re2 Ba7 40. h5 Ra6 41. Nd3+ Kd4 42. Nb4 1-0

[Event "*** Titled Tuesday Blitz"]
[Site "Chess.com"]
[Date "2018.05.01"]
[Round "5"]
[White "plumalka"]
[Black "joejan"]
[Result "0-1"]
[WhiteElo "1990"]
[BlackElo "2160"]
[TimeControl "180+2"]
[EndTime "14:06:29 PDT"]
[Termination "joejan won by resignation"]

1. e4 c5 2. Nf3 d6 3. d4 cxd4 4. Nxd4 Nf6 5. Nc3 a6 6. Nb3 e5 7. Bg5 Nbd7 8. Qd2 h6 9. Bh4 Be7 10. O-O-O b5 11. Bd3 Bb7 12. Rhe1 b4 13. Nb1 a5 14. f3 O-O 15. Bb5 a4 16. Na1 d5 17.
Bxd7 Qxd7 18. exd5 Nxd5 19. Bxe7 Qxe7 20. f4 e4 21. Qd4 f5 22. g4 Qc7 23. gxf5 Qxf4+ 24.
Qd2 e3 25. Qe2 Qxf5 26. Rxd5 Bxd5 27. Qxe3 Rae8 28. Qg3 Qg5+ 29. Qxg5 Rxe1+ 30. Kd2 hxg5 31. Kxe1 Re8+ 32. Kf2 Bxa2 33. Nd2 Bd5 34. Nf1 a3 35. bxa3 bxa3 36. Ne3 Be6 37. c4 Rb8 38. Ke2 Rb1 39. Nec2 Bxc4+ 40. Kd2 Bb3 41. Nxb3 Rxb3 42. Na1 Rh3 0-1

[Event "*** Titled Tuesday Blitz"]
[Site "Chess.com"]
[Date "2018.05.01"]
[Round "5"]
[White "guillembaches"]
[Black "Al_Shima"]
[Result "0-1"]
[WhiteElo "2236"]
[BlackElo "2408"]
[TimeControl "180+2"]
[EndTime "14:06:40 PDT"]
[Termination "Al_Shima won on time"]

1. d4 Nf6 2. Bf4 c5 3. e3 Qb6 4. Nc3 e6 5. Nb5 Nd5 6. dxc5 Bxc5 7. Bxb8 Rxb8 8. c4 Bb4+ 9. Ke2 a6 10. cxd5 Qxb5+ 11. Kf3 Qa5 12. a3 Be7 13. d6 Bf6 14. Qc2 Qd5+ 15.
Kg3 Qxd6+ 16. f4 Qb6 17. Nf3 O-O 18. Bd3 g6 19. h4 h5 20. Rae1 d5 21. Bxg6 fxg6 22.
Qxg6+ Bg7 23. Ng5 Rf6 24. Qe8+ Bf8 25. Qxh5 Qc7 26. Rc1 Qg7 27. Rc3 Bd7 28. Rc7 Bd6 0-1

[Event "*** Titled Tuesday Blitz"]
[Site "Chess.com"]
[Date "2018.05.01"]
[Round "5"]
[White "FearNoEvil12"]
[Black "FLchessplayer"]
[Result "1-0"]
[WhiteElo "1980"]
[BlackElo "2016"]
[TimeControl "180+2"]
[EndTime "14:06:46 PDT"]
[Termination "FearNoEvil12 won on time"]

1. e4 c5 2. Nc3 d6 3. f4 g6 4. Nf3 Bg7 5. Bc4 a6 6. a4 Nf6 7. f5 Nc6 8. d3 gxf5 9. O-O fxe4 10. dxe4 Bg4 11. h3 Bxf3 12. Qxf3 Ne5 13. Qe2 Nxc4 14. Qxc4 O-O 15. Bg5 Qa5 16. Bxf6 Bxf6 17. Rxf6 exf6 18. Nd5 Rae8 19. Rf1 Re6 20. c3 b5 21. Qd3 Qxa4 22. Nxf6+ Rxf6 23. Rxf6 Re8 24. Qg3+ Kh8 25. Rxf7 Qd1+ 26.
Kh2 Rg8 27. Qf2 Rg6 28. Rf8+ Kg7 29. Qf7+ Kh6 30. Qf4+ Kg7 31. Rf7+ Kg8 32. Rd7 1-0

[Event "*** Titled Tuesday Blitz"]
[Site "Chess.com"]
[Date "2018.05.01"]
[Round "5"]
[White "saraswathii"]
[Black "AndrewDGreen"]
[Result "0-1"]
[WhiteElo "2262"]
[BlackElo "2174"]
[TimeControl "180+2"]
[EndTime "14:06:58 PDT"]
[Termination "AndrewDGreen won by resignation"]

1. e4 c5 2. d3 g6 3. Nf3 Bg7 4. g3 Nc6 5. Bg2 d6 6. O-O e5 7. c3 Nge7 8. Nh4 O-O 9. f4 exf4 10. Bxf4 Be6 11. Nd2 Qd7 12. Nhf3 Rad8 13. Ng5 Bg4 14.
Qb3 h6 15. Ngf3 Ne5 16. Bxe5 dxe5 17. Nc4 Qc7 18. Rad1 Rd7 19. Rd2 Be6 20. Rfd1 Rfd8 21. Qc2 f6 22. Ne3 h5 23. Qa4 a6 24. Qc2 b5 25.
Rf2 Bh6 26. Nf1 Kg7 27. a4 Qb6 28. axb5 axb5 29. Kh1 b4 30. cxb4 cxb4 31. Ne1 b3 32.
Qe2 Rc8 33. Nd2 Bg4 34. Nef3 Rc2 35. Qe1 Rxd3 36. h3 Bxf3 37. Bxf3 Qb4 0-1

[Event "*** Titled Tuesday Blitz"]
[Site "Chess.com"]
[Date "2018.05.01"]
[Round "5"]
[White "eljanov"]
[Black "StoreySniper"]
[Result "1-0"]
[WhiteElo "2655"]
[BlackElo "2365"]
[TimeControl "180+2"]
[EndTime "14:07:08 PDT"]
[Termination "eljanov won by resignation"]

1. c4 c6 2. Nf3 d5 3. d4 Nf6 4. e3 e6 5. Bd3 Nbd7 6. O-O dxc4 7. Bxc4 b5 8. Bd3 Bb7 9. Nbd2 Bd6 10. e4 e5 11. dxe5 Nxe5 12. Nxe5 Bxe5 13. Nf3 Bc7 14. e5 Nd5 15. Re1 Nb4 16. Be4 Qxd1 17. Rxd1 O-O 18.
Be3 Nd5 19. Bxd5 cxd5 20. Rac1 Rfc8 21. Bd4 Bb6 22. Bxb6 axb6 23. a3 Kf8 24. Nd4 b4 25. axb4 Rxc1 26. Rxc1 Ra4 27. b3 Rxb4 28. Rd1 Ba6 29.
f4 g5 30. g3 gxf4 31. gxf4 Bc4 32. bxc4 dxc4 33. Kf2 c3 34. Ke3 Rb2 35. Rc1 Rxh2 36. Rxc3 Rh3+ 37. Nf3 Kg7 38. Rc6 b5 39. Rb6 b4 40.
Rxb4 Kg6 41. Ke4 f5+ 42. exf6 Kxf6 43. Rb6+ Kg7 44. f5 Rh1 45. f6+ Kh6 46. Ne5 Re1+ 47. Kf5 Rf1+ 48. Ke6 Rf2 49. Rb1 Kg5 50. f7 1-0

[Event "*** Titled Tuesday Blitz"]
[Site "Chess.com"]
[Date "2018.05.01"]
[Round "5"]
[White "cukus"]
[Black "TheCount"]
[Result "0-1"]
[WhiteElo "2410"]
[BlackElo "2549"]
[TimeControl "180+2"]
[EndTime "14:07:08 PDT"]
[Termination "TheCount won by resignation"]

1. e4 c5 2. Nf3 Nc6 3. d4 cxd4 4. Nxd4 Qb6 5. Nb3 Nf6 6. Nc3 e6 7. a3 a6 8. Bf4 e5 9. Be3 Qc7 10. Be2 d6 11. Bg5 Be6 12. O-O Be7 13. Bxf6 Bxf6 14.
Nd5 Qd8 15. Nxf6+ Qxf6 16. c3 O-O 17. Bf3 Rfd8 18. Qc2 Rac8 19. Rfd1 g6 20. Rd2 Nd4 21. Nxd4 exd4 22. Rd3 dxc3 23. bxc3 d5 24. Qd2 dxe4 25. Bxe4 Bc4 26. Rd4 b5 27. h3 Rxd4 28. cxd4 Rd8 29. d5 Qxa1+ 0-1

[Event "*** Titled Tuesday Blitz"]
[Site "Chess.com"]
[Date "2018.05.01"]
[Round "5"]
[White "Albertu"]
[Black "grzechu96"]
[Result "0-1"]
[WhiteElo "2305"]
[BlackElo "2481"]
[TimeControl "180+2"]
[EndTime "14:07:08 PDT"]
[Termination "grzechu96 won by resignation"]

1. e4 c5 2. Nf3 d6 3. d4 cxd4 4. Nxd4 Nf6 5. Nc3 a6 6. h3 e5 7. Nde2 h5 8. Bg5 Be6 9. f4 Nbd7 10. f5 Bc4 11. Ng3 Qc7 12. Qf3 h4 13. Bxc4 Qxc4 14. Nf1 b5 15. Ne3 Qc6 16. O-O-O Rc8 17. Rd2 Be7 18. Kb1 b4 19. Ncd5 Nxd5 20. exd5 Qc5 21. Bxe7 Kxe7 22. Rf1 Nf6 23. Ng4 a5 24. Nxf6 gxf6 25.
Qe4 Qc4 26. Re1 Rh5 27. Qf3 Rg5 28. Re4 Qc5 29. Rg4 Rcg8 30. Rd1 Rxg4 31. hxg4 Qc4 32. a3 Rxg4 33. axb4 axb4 34. Rh1 Qe4 35. Qb3 Rxg2 36.
Rc1 Rg3 37. Qa4 h3 38. Qa7+ Kf8 39. Qb8+ Kg7 40. Qxd6 h2 41. Qc5 h1=Q 42. Rxh1 Qxh1+ 43. Ka2 Qd1 44. d6 b3+ 45. cxb3 Qxb3+ 0-1

[Event "*** Titled Tuesday Blitz"]
[Site "Chess.com"]
[Date "2018.05.01"]
[Round "5"]
[White "Zenzo"]
[Black "TrimitziosP7"]
[Result "1-0"]
[WhiteElo "2400"]
[BlackElo "2518"]
[TimeControl "180+2"]
[EndTime "14:07:11 PDT"]
[Termination "Zenzo won by resignation"]

1. e4 e5 2. Nf3 Nc6 3. Bb5 Nf6 4.
d3 Bc5 5. c3 Qe7 6. O-O a6 7.
Ba4 b5 8. Bc2 d6 9. a4 Rb8 10.
axb5 axb5 11. Nbd2 h6 12. h3 O-O 13. Re1 Nh5 14. Nf1 Qf6 15. Be3 Nf4 16. Bxf4 Qxf4 17. Ne3 Ne7 18. d4 Bb6 19. g3 Qf6 20. Kg2 Be6 21.
d5 Bd7 22. Ng4 Qg6 23. Nh4 Qh7 24. f4 exf4 25. gxf4 f5 26. e5 Ng6 27. Nxg6 Qxg6 28.
e6 Be8 29. Kh2 Kh8 30. Ne3 Qf6 31. Qf3 Bg6 32. Rg1 Bh7 33. Rg2 Rg8 34. Nf1 g5 35. fxg5 hxg5 36. Ng3 Rbf8 37. Rf1 Qe5 38. Kh1 c6 39.
Nxf5 cxd5 40. e7 Re8 41. Qh5 Qf6 42. Ne3 Qxe7 43. Nxd5 Qg7 44. Nf6 Ref8 45. Bxh7 Rxf6 46. Bxg8+ Kxg8 47. Rxf6 Qxf6 48. Rxg5+ Kf8 49. Rf5 1-0

[Event "*** Titled Tuesday Blitz"]
[Site "Chess.com"]
[Date "2018.05.01"]
[Round "5"]
[White "dmosesov"]
[Black "popov_m"]
[Result "0-1"]
[WhiteElo "2177"]
[BlackElo "2395"]
[TimeControl "180+2"]
[EndTime "14:07:11 PDT"]
[Termination "popov_m won on time"]

1. e4 g6 2. d4 Bg7 3. Nc3 d6 4. Be3 a6 5. f4 b5 6. Bd3 Bb7 7. Nf3 b4 8. Ne2 Nf6 9. Ng3 h5 10. Ng5 h4 11. Nf1 c5 12. dxc5 dxc5 13. Bxc5 Qa5 14.
Be3 h3 15. g3 Nbd7 16. Kf2 Nc5 17. Nd2 Rd8 18. Nb3 Nxb3 19. axb3 Qc7 20. Qe2 Qc8 21. Bxa6 Ng4+ 22. Kf1 Bxa6 23. Rxa6 Nxe3+ 24. Kf2 Bd4 0-1

[Event "*** Titled Tuesday Blitz"]
[Site "Chess.com"]
[Date "2018.05.01"]
[Round "5"]
[White "Andnar"]
[Black "VeraNebolsina"]
[Result "0-1"]
[WhiteElo "2372"]
[BlackElo "2384"]
[TimeControl "180+2"]
[EndTime "14:07:11 PDT"]
[Termination "VeraNebolsina won by resignation"]

1. e4 c5 2. a3 g6 3. b4 Bg7 4. Nc3 cxb4 5. axb4 Nc6 6. b5 Nd4 7. Nf3 d5 8. Nxd4 Bxd4 9. exd5 Nf6 10. Bc4 Ng4 11. O-O Qc7 12. d6 Qxc4 13. Ra4 Qc5 14. Ne4 Qb6 15. dxe7 Bf5 16. c3 Bg7 17. Ba3 Bxe4 18.
Rxe4 f5 19. Re2 Qc7 20. g3 Ne5 21. d4 Nf3+ 22. Kg2 Ng5 23. d5 Qxc3 24. Re3 Qc7 25. d6 Qd7 26. Qd5 Ne4 27. Rd3 Rc8 28. f3 Rc2+ 29.
Kg1 Nc3 30. Re3 Nxd5 0-1

[Event "*** Titled Tuesday Blitz"]
[Site "Chess.com"]
[Date "2018.05.01"]
[Round "5"]
[White "MITerryble"]
[Black "Alexander_Moskalenko"]
[Result "0-1"]
[WhiteElo "2678"]
[BlackElo "2754"]
[TimeControl "180+2"]
[EndTime "14:07:12 PDT"]
[Termination "Alexander_Moskalenko won by resignation"]

1. d4 e6 2. Nf3 d5 3. c4 Nf6 4.
e3 c6 5. Bd3 Nbd7 6. b3 b6 7. O-O Bb7 8. Bb2 Bd6 9. Nbd2 O-O 10. a3 Qe7 11. Ne5 c5 12. f4 Rac8 13. a4 cxd4 14.
exd4 Ne4 15. Qe2 f5 16. Ndf3 a5 17. Rfc1 Bb4 18. Rc2 Ndf6 19. Rac1 Rc7 20. cxd5 Rxc2 21. Rxc2 Nxd5 22. g3 Ba3 23. Bxe4 fxe4 24. Ng5 Bxb2 25. Rxb2 Nf6 26. Rc2 Bd5 27. Qe3 Qa3 28. Rc7 h6 29. Nh3 Rd8 30. Rc3 Qa1+ 31. Rc1 Qb2 32. Nf2 Qxb3 33. Rc3 Qxa4 34. g4 Ba8 35. Rc4 Qa1+ 36. Kg2 Nd5 37. Qb3 e3 38. Nfd3 Nxf4+ 39. Kg3 Ne2+ 40.
Kh4 Qg1 0-1

[Event "*** Titled Tuesday Blitz"]
[Site "Chess.com"]
[Date "2018.05.01"]
[Round "5"]
[White "OparinGrigoriy"]
[Black "Gogolev_Artemy"]
[Result "1-0"]
[WhiteElo "2872"]
[BlackElo "2448"]
[TimeControl "180+2"]
[EndTime "14:07:13 PDT"]
[Termination "OparinGrigoriy won by resignation"]

1. e4 e5 2. Nf3 Nc6 3. Bc4 Bc5 4. c3 Nf6 5. d3 O-O 6. Nbd2 a5 7. O-O h6 8. h3 Re8 9. Re1 d5 10. exd5 Nxd5 11.
Ne4 Bf8 12. Ng3 a4 13. a3 Ra5 14.
d4 Nb6 15. Ba2 exd4 16. Rxe8 Qxe8 17. cxd4 Be6 18. Bb1 Rd5 19. Qd3 g6 20. Be3 Bg7 21. Bc2 Qd7 22. Rd1 Ne7 23. Ne4 Bf5 24. Qe2 Qb5 25. Bd3 Qa5 26. Ne5 Bxe5 27. dxe5 Bxe4 28. Bxe4 Rxd1+ 29. Qxd1 Nc6 30. Bxc6 bxc6 31. Qd8+ Kg7 32.
Qf6+ Kg8 33. Bxh6 Qe1+ 34. Kh2 1-0

[Event "*** Titled Tuesday Blitz"]
[Site "Chess.com"]
[Date "2018.05.01"]
[Round "5"]
[White "Keranke"]
[Black "Frolik67"]
[Result "0-1"]
[WhiteElo "2668"]
[BlackElo "2472"]
[TimeControl "180+2"]
[EndTime "14:07:14 PDT"]
[Termination "Frolik67 won by resignation"]

1. d4 d5 2. Bf4 e6 3. e3 c6 4. c4 Nf6 5. Nc3 Be7 6. Nf3 O-O 7. Qc2 Re8 8. a3 Nbd7 9. Rd1 a5 10. Bd3 dxc4 11.
Bxc4 b5 12. Bd3 b4 13. axb4 axb4 14. Ne4 Qb6 15. Nd6 b3 16. Qd2 Nh5 17. Nxe8 Bb4 18.
Bc7 Bxd2+ 19. Nxd2 Qb4 20. Bd6 Qa5 21. O-O Qd8 22. Nc7 Ra7 23. Nxb3 Rxc7 24. Bxc7 Qxc7 25. Rc1 g6 26. Rc3 Nhf6 27. Rfc1 Bb7 28. Nc5 Nd5 29. Ra3 Nxc5 30. Rxc5 Qb6 31. Ra1 Kg7 32. h3 Nb4 33. Bf1 Ba6 34. Bxa6 Nxa6 35. Rc2 Nb4 36.
Rc3 Nd5 37. Rc2 h5 38. Rac1 h4 39. Rxc6 Qxb2 40. R6c2 Qb3 41. Re2 Qd3 42. Ree1 Nf6 43. Red1 Qf5 44. Rd2 Ne4 45. Rb2 g5 46. Rc7 g4 47.
hxg4 Qxg4 48. f3 Qg3 49. Rbb7 Qe1+ 50. Kh2 Qg3+ 51. Kg1 Ng5 52. Kf1 h3 53. gxh3 Qxf3+ 0-1

[Event "*** Titled Tuesday Blitz"]
[Site "Chess.com"]
[Date "2018.05.01"]
[Round "5"]
[White "amiralfio"]
[Black "BrizuelaRonald"]
[Result "1-0"]
[WhiteElo "2371"]
[BlackElo "2502"]
[TimeControl "180+2"]
[EndTime "14:07:16 PDT"]
[Termination "amiralfio won on time"]

1. d4 Nf6 2. Nf3 c5 3. d5 e6 4. c4 exd5 5. cxd5 Bd6 6. Nc3 O-O 7. Bg5 Re8 8. e4 Nxe4 9. Nxe4 Rxe4+ 10. Be2 Qa5+ 11.
Bd2 Qb5 12. Bc3 Re8 13. Kf1 Qb6 14. Bd3 Qd8 15. h4 h6 16. Ng5 f6 17. Qh5 fxg5 18.
hxg5 Re5 19. Bxe5 Bxe5 20. gxh6 d6 21. Qg6 Qf8 22. hxg7 Qxg7 23. Qe8+ Qf8 24. Bh7+ Kg7 25. Qg6+ Kh8 26. Bg8+ 1-0

[Event "*** Titled Tuesday Blitz"]
[Site "Chess.com"]
[Date "2018.05.01"]
[Round "5"]
[White "Kirill_Klukin"]
[Black "Perecke"]
[Result "1-0"]
[WhiteElo "2494"]
[BlackElo "1948"]
[TimeControl "180+2"]
[EndTime "14:07:17 PDT"]
[Termination "Kirill_Klukin won by resignation"]

1. Nf3 d5 2. d4 Nf6 3. c4 e6 4. Nc3 Be7 5. Bg5 O-O 6. e3 Nbd7 7. Qc2 b6 8. cxd5 exd5 9. Bd3 h6 10. Bh4 Bb7 11. O-O c5 12. Rac1 c4 13. Bf5 Bc8 14. Rfd1 Nb8 15. Ne5 Bxf5 16. Qxf5 Qd6 17. Bg3 Qd8 18.
Ng4 Nxg4 19. Qxg4 Nc6 20. Qf3 Nb4 21. a3 Nd3 22. Rb1 Bd6 23. Nxd5 Bxg3 24. hxg3 Qd6 25.
Nc3 Rad8 26. b3 Qxa3 27. Nb5 Qa2 28. bxc4 Qxc4 29. Nxa7 Nb4 30. Rdc1 Qa6 31. Rxb4 Qxa7 32. Rcb1 Rb8 33. Qe2 Rfc8 34. Qb2 Rc6 35. d5 Rd6 36. e4 f6 37. Qd4 Qc7 38. Rc4 Qd7 39. Rbc1 Rb7 40. Rc8+ Kh7 41. Qd3 f5 42. g4 fxg4 43. e5+ Rg6 44. R1c6 Qf7 45. Rxg6 Qxg6 46. Rh8+ Kxh8 47. Qxg6 b5 48. Qxg4 b4 49. Qc8+ 1-0

[Event "*** Titled Tuesday Blitz"]
[Site "Chess.com"]
[Date "2018.05.01"]
[Round "5"]
[White "dretch"]
[Black "Cruel_Yaro"]
[Result "1-0"]
[WhiteElo "2699"]
[BlackElo "2637"]
[TimeControl "180+2"]
[EndTime "14:07:21 PDT"]
[Termination "dretch won by resignation"]

1. d4 Nf6 2. c4 e6 3. Nc3 d5 4. cxd5 Nxd5 5. e4 Nxc3 6. bxc3 c5 7. Nf3 cxd4 8. cxd4 Bb4+ 9. Bd2 Bxd2+ 10. Qxd2 O-O 11. Bc4 b6 12. d5 Ba6 13. Bxa6 Nxa6 14. d6 Nc5 15. e5 Qd7 16. O-O Rac8 17. Rac1 f6 18. Rfd1 fxe5 19. Nxe5 Qb7 20. d7 Rcd8 21. Qd6 Rxf2 22.
Qc6 Qxc6 23. Nxc6 Rff8 24. Nxd8 Rxd8 25. Rc3 Kf7 26. Ra3 a5 27. Rd6 Rxd7 28. Rxd7+ Nxd7 29. Kf2 Nc5 30. Ke2 e5 31. Rf3+ Ke6 32. Rf8 h6 33.
Ke3 Nd7 34. Rg8 Kf7 35. Rc8 Nf6 36. Kd3 Nd5 37. a3 Ke6 38. g3 b5 39. Rc6+ Kf5 40.
Rc5 Nf6 41. Rxb5 Ng4 42. h4 1-0

[Event "*** Titled Tuesday Blitz"]
[Site "Chess.com"]
[Date "2018.05.01"]
[Round "5"]
[White "gmcorrales"]
[Black "Artur0208"]
[Result "1-0"]
[WhiteElo "2734"]
[BlackElo "2433"]
[TimeControl "180+2"]
[EndTime "14:07:22 PDT"]
[Termination "gmcorrales won by resignation"]

1. d4 d5 2. c4 e6 3. cxd5 exd5 4. Nc3 c6 5. Nf3 Nf6 6. Bf4 Bd6 7. Bg3 O-O 8. e3 Bf5 9. Be2 h6 10. Qb3 Bxg3 11.
hxg3 Qb6 12. Qa3 Nbd7 13. Rc1 Rfe8 14. Na4 Qd8 15. b4 Nb6 16. Nc5 Qe7 17. Ne5 Ne4 18. g4 Bh7 19. Qb3 Nd6 20. a4 f6 21. Nf3 Nbc4 22.
Bxc4 Nxc4 23. Qc3 b6 24. Nb3 a5 25. bxa5 bxa5 26. O-O Reb8 27. Nfd2 Rb4 28. Nc5 Nxd2 29. Qxd2 Kh8 30. Rc3 Rab8 31. Na6 Rb2 32. Qd1 R8b6 33. Nc5 Rb1 34. Rc1 Rxc1 35. Qxc1 Rb4 36. Qd1 Qc7 37. Qe2 Qb6 38. Qf3 Rb2 39. Qf4 Bg6 40.
Qd6 Rc2 41. Ne6 Qb7 42. Qd8+ Kh7 43. Nf8+ Kg8 44. Nxg6+ Kf7 45. Nh8+ Ke6 46. Qe8+ Qe7 47. Qxe7+ Kxe7 48. Rb1 g5 49. Rb7+ Ke6 50. Nf7 Rc4 51.
Nxh6 Rxa4 52. Nf5 Ra1+ 53. Kh2 1-0

[Event "*** Titled Tuesday Blitz"]
[Site "Chess.com"]
[Date "2018.05.01"]
[Round "5"]
[White "Blitzstream"]
[Black "dolynachess"]
[Result "0-1"]
[WhiteElo "2469"]
[BlackElo "2382"]
[TimeControl "180+2"]
[EndTime "14:07:25 PDT"]
[Termination "dolynachess won by resignation"]

1. g4 d5 2. Bg2 c6 3. g5 g6 4.
h4 h6 5. d4 hxg5 6. hxg5 Rxh1 7. Bxh1 Bg7 8. Nf3 Bg4 9. Qd2 Nd7 10. Qf4 Bf5 11. Nc3 Bxc2 12. Qh4 Kf8 13. Bg2 e5 14. dxe5 Nxe5 15. Nxe5 Bxe5 16. Bf4 Qd6 17. Bxe5 Qxe5 18. Kd2 Bf5 19. Qb4+ Qe7 20. Qf4 a5 21. a3 Re8 22.
Re1 Qe5 23. Qa4 d4 24. Na2 Qf4+ 25. Kd1 Qxf2 26. Bf3 d3 27. Qxa5 dxe2+ 28. Bxe2 b6 29. Qb4+ c5 30. Qxb6 Qd4+ 31. Kc1 Qf4+ 32. Kd1 Qd4+ 33.
Kc1 Kg7 34. Nc3 Re6 35. Qb3 Qe3+ 36. Kd1 Rd6+ 37. Nd5 Qxb3+ 0-1

[Event "*** Titled Tuesday Blitz"]
[Site "Chess.com"]
[Date "2018.05.01"]
[Round "5"]
[White "tomozupan"]
[Black "JozefKneht"]
[Result "0-1"]
[WhiteElo "2148"]
[BlackElo "2400"]
[TimeControl "180+2"]
[EndTime "14:07:26 PDT"]
[Termination "JozefKneht won by resignation"]

1. d4 d5 2. c4 c6 3. cxd5 cxd5 4. Nc3 Nf6 5. Nf3 Nc6 6. Bf4 Bf5 7. e3 e6 8. Bb5 Nd7 9. Qa4 Rc8 10. Bxc6 Rxc6 11.
Qxa7 Qc8 12. Qa4 Rxc3 13. bxc3 Qxc3+ 14. Nd2 Qxa1+ 15. Ke2 Qxh1 16. Qa8+ Ke7 17. Bc7 Kf6 18. Qd8+ Kg6 19. Nf3 f6 20. Qxd7 Bg4 21. Qe8+ Kh6 22. Bf4+ g5 23. Qf7 Bg7 24. Bxg5+ fxg5 25. h3 Bxf3+ 26. gxf3 Rf8 27. Qxe6+ Rf6 28. Qg4 Kg6 29. f4 h6 30. fxg5 hxg5 0-1

[Event "*** Titled Tuesday Blitz"]
[Site "Chess.com"]
[Date "2018.05.01"]
[Round "5"]
[White "savinspm"]
[Black "ghost_of_pushwood"]
[Result "1-0"]
[WhiteElo "1988"]
[BlackElo "1827"]
[TimeControl "180+2"]
[EndTime "14:07:29 PDT"]
[Termination "savinspm won by resignation"]

1. e4 e5 2. Nf3 Nc6 3. Bb5 a6 4. Bxc6 dxc6 5. d4 exd4 6. Qxd4 Qxd4 7. Nxd4 Bd7 8. Be3 O-O-O 9. Nd2 Re8 10. O-O-O Nf6 11.
f3 Bd6 12. Rde1 Nh5 13. Nc4 Bf4 14. Bxf4 Nxf4 15. Rhg1 c5 16. Ne2 Nxe2+ 17. Rxe2 Bb5 18. b3 Bxc4 19. bxc4 b5 20. Rd1 Rd8 21. Red2 Rxd2 22.
Rxd2 c6 23. cxb5 cxb5 24. Rd6 Kc7 25. Rxa6 Kb7 26. Rd6 Kc7 27. Rd5 Kc6 28. Kb2 Re8 29. Kb3 g6 30. g4 Re6 31. c4 b4 32. a3 bxa3 33. Kxa3 Rf6 34. Rd3 h5 35. h3 hxg4 36.
hxg4 g5 37. Kb3 Re6 38. Kc3 f6 39. Rd8 Re7 40. Ra8 Kb6 41. Rf8 Re6 42. Rd8 Kc6 43.
Rc8+ Kb6 44. Ra8 Rd6 45. Rf8 Re6 46. Kd3 Kc6 47. Ke3 Kb6 48. f4 gxf4+ 49. Kxf4 Ka5 50.
Rb8 Rd6 51. Rb5+ Ka4 52. Rxc5 Kb4 53. Rc8 Rd1 54. Kf5 Rf1+ 55. Ke6 Re1 56. Kxf6 Rxe4 57. g5 1-0

[Event "*** Titled Tuesday Blitz"]
[Site "Chess.com"]
[Date "2018.05.01"]
[Round "5"]
[White "BlackBoarder"]
[Black "Eliwood44"]
[Result "1/2-1/2"]
[WhiteElo "2227"]
[BlackElo "2167"]
[TimeControl "180+2"]
[EndTime "14:07:32 PDT"]
[Termination "Game drawn by agreement"]

1. e4 e5 2. Nf3 Nc6 3. d4 exd4 4. Bc4 Nf6 5. O-O Nxe4 6. Re1 d5 7. Bxd5 Qxd5 8. Nc3 Qa5 9. Nxe4 Be6 10. Neg5 O-O-O 11. Nxe6 fxe6 12. Rxe6 h6 13. Bf4 g5 14. Bg3 Bg7 15.
Qe2 Qb4 16. Rb1 Rhf8 17. a3 Qc5 18. Re1 Qd5 19. Rg6 Rf7 20. Qe6+ Qxe6 21. Rgxe6 d3 22.
cxd3 Bxb2 23. Rxh6 Bxa3 24. Nxg5 Re7 25. Rxe7 Bxe7 26. h4 Rxd3 27. Rh8+ Kd7 28. Nf3 a5 29.
h5 a4 30. Ne5+ Nxe5 31. Bxe5 Rd5 32. Bg7 Bd6 33. g3 Be5 34. h6 a3 35. Ra8 Bb2 36.
Kg2 Rg5 37. f4 Rc5 38. g4 b5 39. Rxa3 Bxa3 40. h7 Rc2+ 41. Kh3 Rc1 42. Kg2 Rc2+ 43. Kh3 Rc1 1/2-1/2

[Event "*** Titled Tuesday Blitz"]
[Site "Chess.com"]
[Date "2018.05.01"]
[Round "5"]
[White "igorkovalenko"]
[Black "tigra"]
[Result "1-0"]
[WhiteElo "2735"]
[BlackElo "2724"]
[TimeControl "180+2"]
[EndTime "14:07:34 PDT"]
[Termination "igorkovalenko won on time"]

1. d4 Nf6 2. Nf3 g6 3. c4 Bg7 4. Nc3 d5 5. Bg5 Ne4 6. h4 Nxg5 7. hxg5 c5 8. e3 cxd4 9. exd4 e6 10. cxd5 O-O 11. Bc4 exd5 12. Bxd5 Nc6 13. Rh4 Re8+ 14. Kf1 Be6 15. Bxe6 Rxe6 16. d5 Rd6 17. Qc2 Ne7 18.
Re1 Rc8 19. Qb3 Rb6 20. Qa3 Nxd5 21. Nxd5 Qxd5 22. Rhe4 Bf8 23. Qxa7 Rxb2 24. Re5 Qc4+ 25.
Kg1 Bc5 26. Re8+ Rxe8 27. Rxe8+ Kg7 28. Qb8 Bxf2+ 29. Kh2 Bg1+ 30. Kxg1 1-0

[Event "*** Titled Tuesday Blitz"]
[Site "Chess.com"]
[Date "2018.05.01"]
[Round "5"]
[White "Manukyan_Artak"]
[Black "Storne89"]
[Result "0-1"]
[WhiteElo "2367"]
[BlackElo "2528"]
[TimeControl "180+2"]
[EndTime "14:07:38 PDT"]
[Termination "Storne89 won by resignation"]

1. e4 e5 2. Nf3 Nc6 3. d4 exd4 4. Nxd4 Nf6 5. Nxc6 bxc6 6. e5 Nd5 7. c4 Ne7 8. g3 Ng6 9. f4 d6 10. exd6 Bxd6 11. Bg2 O-O 12. O-O Bc5+ 13. Kh1 Qf6 14. Nc3 Bf5 15. Ne4 Bxe4 16. Bxe4 Rad8 17. Qh5 Bd4 18.
Qf5 Bxb2 19. Qxf6 Bxf6 20. Rb1 Rd4 21. Bxc6 Rxc4 22. Bg2 Bd4 23. Ba3 c5 24. Rfc1 Rxc1+ 25. Rxc1 Rc8 26. Rc4 Ne7 27. Bf1 Nd5 28. Bc1 Re8 29.
Bd2 g6 30. Rc1 Rb8 31. Bc4 Nf6 32. Rc2 Rb1+ 33. Kg2 Ne4 34. Kf3 Nd6 35. Bd5 Rf1+ 36. Kg4 h5+ 37. Kh3 Rf2 38. Bb3 c4 39. Ba4 c3 40.
Bc1 Rf1 41. g4 Rf3+ 42. Kg2 hxg4 43. Bc6 Rd3 44. Ba3 Nf5 45. Be4 Ne3+ 46. Kf2 Nxc2+ 0-1